 Dungeon Crawl Stone Soup version 0.27-a0-1049-g450f9b2e0d (webtiles) character file.

Game seed: 1823495151798553127

5328 Anon1729 the Reanimator (level 10, 0/55 HPs)
             Began as a Vine Stalker Wanderer on Apr 20, 2021.
             Was a Plaything of Xom.
             Slain by a chaos spawn (7 damage)
             ... summoned by Xom
             ... on level 10 of the Dungeon.
             The game lasted 00:16:23 (8329 turns).

Anon1729 the Reanimator (Vine Stalker Wanderer)     Turns: 8329, Time: 00:16:23

Health: 0/55       AC: 15    Str: 16      XL:     10   Next: 64%
Magic:  0/17       EV: 10    Int: 16 (17) God:    Xom [......]
Gold:   591        SH:  0    Dex: 14      Spells: 9/17 levels left

rFire    . . .     SeeInvis .   w - +2 dagger (elec)
rCold    . . .     Faith    .   (no shield)
rNeg     + . .     Spirit   +   s - +6 scale mail of Fottutz {Dex+2 Stlth+}
rPois    .         Reflect  .   (no helmet)
rElec    .         Harm     .   (no cloak)
rCorr    .         Rampage  .   d - +1 pair of gloves
Will     +....                  (no boots)
Stlth    ++++......             (no amulet)
HPRegen  1.18/turn              H - ring of the Octopus King {rN+ AC+1 EV+1 Str+1 Int+1 Dex+1}
MPRegen  0.15/turn              (no ring)

@: about to teleport
A: fangs 3, regeneration 1, magic shield, antimagic bite, no potion heal 2,
clumsy 1
a: Renounce Religion


You were on level 10 of the Dungeon.
You worshipped Xom.
You were a very special plaything of Xom.
You visited 1 branch of the dungeon, and saw 10 of its levels.

You collected 591 gold pieces.

Inventory:

Hand Weapons
 a - a +2 dagger
 w - a +2 dagger of electrocution (weapon)
Missiles
 b - 6 curare-tipped darts
 r - 17 poisoned darts
 t - 2 throwing nets
Armour
 d - a +1 pair of gloves (worn)
 e - a +0 robe
 s - the +6 scale mail of Fottutz (worn) {Dex+2 Stlth+}
   (You found it on level 4 of the Dungeon)

   It affects your dexterity (+2).
   It makes you more stealthy.
 D - a +2 robe of positive energy
 F - +0 steam dragon scales
Magical Staves
 o - a staff of air
 p - a staff of fire
 J - a staff of conjuration
Jewellery
 C - a ring of poison resistance
 H - a ring of the Octopus King (left hand) {rN+ AC+1 EV+1 Str+1 Int+1 Dex+1}
   (You found it on level 7 of the Dungeon)

   [ring of positive energy]

   It affects your AC (+1).
   It affects your evasion (+1).
   It affects your strength (+1).
   It affects your intelligence (+1).
   It affects your dexterity (+1).
   It protects you from negative energy.
 I - an amulet of guardian spirit
Wands
 y - a wand of flame (33)
 A - a wand of iceblast (25)
 E - a wand of acid (14)
Scrolls
 c - 2 scrolls of holy word
 f - 9 scrolls of teleportation
 i - 2 scrolls of vulnerability
 k - a scroll of fear {unknown}
 l - 3 scrolls of amnesia
 m - 2 scrolls of torment
 v - a scroll of fog {unknown}
 B - 2 scrolls of enchant weapon {unknown}
 G - a scroll of enchant armour {unknown}
Potions
 g - 2 potions of curing
 h - 2 potions of lignification
 j - 2 potions of flight {unknown}
 n - a potion of degeneration {unknown}
 q - a potion of attraction {unknown}
 u - 2 potions of heal wounds {unknown}
 x - a potion of berserk rage {unknown}
 z - 3 potions of ambrosia {unknown}
 K - 2 potions of cancellation {unknown}


   Skills:
 + Level 7.3 Fighting
 - Level 4.0 Short Blades
 - Level 1.0 Throwing
 - Level 1.0 Armour
 + Level 8.9 Stealth
 - Level 1.0 Shields
 - Level 4.3 Spellcasting
 * Level 9.3 Necromancy
 - Level 2.0 Fire Magic
 - Level 1.0 Ice Magic
 - Level 4.0 Poison Magic


You had 9 spell levels left.
You knew the following spells:

 Your Spells              Type           Power      Damage    Failure   Level
a - Corona                Hex            3%         N/A       52%         1
b - Poisonous Vapours     Pois/Air       18%        N/A       36%         2
c - Dazzling Flash        Conj/Hex       6%         N/A       87%         3
d - Static Discharge      Conj/Air       3%         N/A       65%         2

Your spell library contained the following spells:

 Spells                   Type           Power      Damage    Failure   Level
 Animate Skeleton         Necr           66%        N/A       1%          1
 Animate Dead             Necr           16%        N/A       13%         4
 Apportation              Tloc           6%         N/A       52%         1
 Beastly Appendage        Tmut           6%         N/A       52%         1
 Magic Dart               Conj           12%        1d3       52%         1
 Shock                    Conj/Air       12%        1d3       52%         1
 Summon Small Mammal      Summ           12%        N/A       52%         1
 Spider Form              Tmut/Pois      4%         N/A       61%         3
 Blink                    Tloc           N/A        N/A       65%         2
 Call Imp                 Summ           3%         N/A       65%         2
 Slow                     Hex            3%         N/A       65%         2
 Wereblood                Tmut           3%         N/A       65%         2
 Mephitic Cloud           Conj/Pois/Air  7%         N/A       71%         3
 Conjure Flame            Conj/Fire      6%         6-21      75%         3
 Confusing Touch          Hex            3%         N/A       87%         3
 Gell's Gravitas          Tloc           1%         N/A       87%         3
 Swiftness                Air            3%         N/A       87%         3
 Death Channel            Necr           16%        N/A       89%         6
 Borgnjor's Vile Clutch   Necr/Erth      9%         N/A       94%         5
 Airstrike                Air            1%         N/A       99%         4
 Ice Form                 Ice/Tmut       5%         N/A       99%         4
 Petrify                  Tmut/Erth      3%         N/A       99%         4
 Hydra Form               Tmut           1%         N/A       100%        5
 Lightning Bolt           Conj/Air       1%         1d12      100%        5
 Metabolic Englaciation   Hex/Ice        2%         N/A       100%        5
 Yara's Violent Unravell  Hex/Tmut       1%         3d3       100%        5
 Simulacrum               Ice/Necr       10%        N/A       100%        6


Dungeon Overview and Level Annotations

Branches:
Dungeon (10/15)            Temple (0/1) D:7
   Lair: D:8-11         Orc: D:9-12

Altars:
Xom

Shops:
D:9 (

Portals:
Trove: D:10 (give 6 scrolls of fog)

Annotations:
D:4 Menkaure
D:6 Maggie
D:10 4 runed translucent doors


Innate Abilities, Weirdness & Mutations

You have razor-sharp teeth.
Your natural rate of healing is unusually fast.
When hurt, damage is shared between your health and your magic reserves.
Your bite disrupts and absorbs the magic of your enemies.
Potions cannot restore your health.
You are clumsy. (Dex -2)


Message History

The acid corrodes the sixfirhy!
The sixfirhy is heavily wounded.
The bolt of acid hits the vampire mosquito!
The vampire mosquito is splashed with acid.
The acid corrodes the vampire mosquito!
You destroy the vampire mosquito!
The quasit bites you. The quasit closely misses you. x2
Aiming: Corrosive Bolt
Press: ? - help, Shift-Dir - straight line, f - sixfirhy
Aim: a sixfirhy (heavily wounded, summoned, covered in acid, 38% to hit)
The bolt of acid hits the sixfirhy!
The sixfirhy is splashed with acid.
The sixfirhy seems to be corroded for longer.
The sixfirhy is almost dead.
The bolt of acid misses the vampire mosquito.
The quasit bites you but does no damage.
The quasit closely misses you.
The quasit claws you but does no damage.
Aiming: Corrosive Bolt
Press: ? - help, Shift-Dir - straight line, f/p - sixfirhy
Aim: a sixfirhy (almost dead, summoned, covered in acid, 38% to hit)
The bolt of acid hits the sixfirhy!
The sixfirhy is splashed with acid.
The sixfirhy seems to be corroded for longer.
You kill the sixfirhy!
The bolt of acid misses the vampire mosquito.
The quasit bites you but does no damage.
The quasit claws you but does no damage.
The quasit completely misses you. The chaos spawn barely misses you.
The chaos spawn hits you.
You are engulfed in flames!
* * * LOW HITPOINT WARNING * * *
The vampire mosquito bites you but does no damage.
The quasit closely misses you.
The quasit claws you but does no damage. x2
You hit the vampire mosquito.
Lightning courses through the vampire mosquito!
The vampire mosquito is heavily damaged.
The vampire mosquito barely misses you. The chaos spawn hits you!
* * * LOW HITPOINT WARNING * * *
You are engulfed in flames!
You die...
Xom snickers!

#.#.#hYYhh...#.#
#.#.###++++###.#
#.#............#
#..<...........#
###............#
#.##########.#
#......... ..#
#######.######...##
#......††y@5T.....
.......##.#445.....
....####.##5..##.>.
... #.# ###.# . .
#.# ... ## .### . .


You could see a troll, 2 chaos spawn, a vampire mosquito, a quasit (summoned), a
crimson imp (summoned) and a shadow imp (summoned).

Vanquished Creatures
  Pikel (D:6)
  Sigmund (D:6)
  4 yaks
  4 steam dragons
  3 vampire mosquitoes (D:10)
  3 water moccasins
  An acid dragon (D:9)
  An orc warrior (D:9)
  A black bear (D:7)
  A sky beast (D:5)
  A necrophage (D:6)
  An ogre (D:2)
  3 centaurs
  A kobold brigand (D:9)
  3 bullfrogs
  3 scorpions
  A water moccasin zombie (D:5)
  4 killer bees (D:9)
  2 howler monkeys (D:7)
  12 wights
  4 centaur zombies
  4 jellies
  3 hounds
  4 orc priests
  4 iguanas
  5 orc wizards
  A killer bee zombie (D:7)
  4 gnolls (D:4)
  4 adders
  An ufetubus (D:5)
  3 worms
  3 dart slugs
  25 orcs
  3 ball pythons
  7 endoplasms
  2 giant cockroaches
  6 goblins
  2 hobgoblins
  6 jackals
  8 kobolds
  A quokka (D:1)
  7 bats
  4 frilled lizards
  3 rats
165 creatures vanquished.

Notes
Turn   | Place    | Note
-------+----------+-------------------------------------------
     0 | D:1      | Anon1729 the Vine Stalker Wanderer began the quest for the
                  | Orb.
     0 | D:1      | Anon1729 set off with the following items: a +2 dagger, 3
                  | curare-tipped darts, a +0 robe; and the following spell
                  | memorised: Corona; and the following spells available to
                  | memorise: Poisonous Vapours, Static Discharge, Dazzling
                  | Flash
     0 | D:1      | Reached XP level 1. HP: 9/9 MP: 6/6
    33 | D:1      | Found a faded altar of an unknown god.
    37 | D:1      | Became a worshipper of Xom of Chaos
    39 | D:1      | XOM: butterfly on damage
   110 | D:1      | XOM: potion effect (invisibility)
   120 | D:1      | Reached skill level 1 in Fighting
   123 | D:1      | Reached XP level 2. HP: 14/14 MP: 8/8
   335 | D:1      | XOM: butterfly on damage
   560 | D:1      | Reached XP level 3. HP: 18/18 MP: 9/9
   761 | D:1      | XOM: cloud trail
   940 | D:2      | Learned a level 2 spell: Poisonous Vapours
   944 | D:2      | Learned a level 3 spell: Dazzling Flash
   947 | D:2      | Learned a level 2 spell: Static Discharge
  1041 | D:2      | XOM: butterfly on damage
  1186 | D:1      | XOM: silly message
  1385 | D:1      | XOM: 2-stop teleportation journey
  1422 | D:1      | XOM: summons 2 hostile demons
  1724 | D:2      | Noticed an ogre
  1738 | D:2      | Killed an ogre
  1739 | D:2      | Gained mutation: Your natural rate of healing is unusually
                  | fast. [Vine Stalker growth]
  1739 | D:2      | Reached XP level 4. HP: 13/24 MP: 4/11
  1739 | D:2      | Reached XP level 5. HP: 15/28 MP: 4/12
  1760 | D:2      | XOM: god gift: leatherbound book {god gift}
  1953 | D:2      | XOM: polymorph quokka -> dart slug
  2205 | D:3      | XOM: enchant monster (bad)
  2570 | D:3      | Reached XP level 6. HP: 32/32 MP: 13/13
  2625 | D:3      | XOM: scenery: 1 doors close
  2986 | D:4      | Noticed Menkaure
  2987 | D:4      | XOM: enchant monster (good)
  2996 | D:4      | XOM: cleaving
  3239 | D:4      | Identified the +6 scale mail of Fottutz {Dex+2 Stlth+}
  3413 | D:4      | Reached skill level 1 in Stealth
  3576 | D:4      | XOM: give mutations
  3576 | D:4      | Gained mutation: You are clumsy. (Dex -2) [Xom's mischief]
  4014 | D:4      | XOM: cloud trail
  4045 | D:4      | XOM: give mutation
  4073 | D:5      | XOM: stealth player
  4073 | D:5      | Entered Level 5 of the Dungeon
  4091 | D:5      | Noticed a sky beast
  4115 | D:5      | Killed a sky beast
  4116 | D:5      | Reached skill level 2 in Necromancy
  4116 | D:5      | Reached XP level 7. HP: 37/37 MP: 7/14
  4294 | D:5      | Noticed a steam dragon
  4426 | D:5      | Reached skill level 3 in Necromancy
  4653 | D:5      | XOM: silly message
  4702 | D:5      | XOM: fog
  4707 | D:5      | XOM: torment (18/38 hp)
  4708 | D:5      | Killed a steam dragon
  4709 | D:5      | Reached skill level 1 in Short Blades
  4709 | D:5      | Gained mutation: You have razor-sharp teeth. [Vine Stalker
                  | growth]
  4709 | D:5      | Reached XP level 8. HP: 21/42 MP: 8/15
  4838 | D:6      | XOM: stat loss: -1 Int (14/15)
  4869 | D:6      | Noticed Pikel
  4882 | D:6      | Killed Pikel
  4883 | D:6      | Reached skill level 5 in Fighting
  4883 | D:6      | Reached skill level 5 in Stealth
  4883 | D:6      | Reached skill level 4 in Necromancy
  4988 | D:6      | Noticed Sigmund
  5007 | D:6      | XOM: blink monster(s)
  5012 | D:6      | Killed Sigmund
  5013 | D:6      | Reached skill level 5 in Necromancy
  5063 | D:6      | Reached XP level 9. HP: 47/47 MP: 14/16
  5263 | D:6      | Noticed Maggie
  5713 | D:7      | XOM: 1-stop teleportation journey
  5724 | D:7      | Found a staircase to the Ecumenical Temple.
  5734 | D:7      | Reached skill level 1 in Armour
  5743 | D:7      | Reached skill level 6 in Necromancy
  5750 | D:7      | XOM: cast spell 'Chain of Chaos'
  5938 | D:7      | XOM: enchant monster (good)
  6009 | D:7      | Found the ring of the Octopus King
  6017 | D:7      | Identified a ring of the Octopus King {rN+ AC+1 EV+1 Str+1
                  | Int+1 Dex+1}
  6448 | D:8      | Reached skill level 7 in Necromancy
  6538 | D:8      | XOM is BORED!
  6538 | D:8      | XOM: 3-stop teleportation journey
  6640 | D:8      | XOM: confuse monster(s)
  6758 | D:8      | Reached XP level 10. HP: 47/53 MP: 13/17
  7190 | D:8      | Reached skill level 8 in Necromancy
  7196 | D:8      | XOM: silly message
  7389 | D:9      | XOM: 9-stop teleportation journey
  7518 | D:9      | XOM: smoke on damage
  7541 | D:9      | XOM: enchant monster (bad)
  7617 | D:9      | Found Cam Afron's Weapon Shoppe.
  7882 | D:9      | XOM: blink monster(s)
  8025 | D:9      | XOM: scenery: summon butterflies
  8135 | D:10     | Entered Level 10 of the Dungeon
  8191 | D:10     | Found a portal to a secret trove of treasure.
  8207 | D:10     | Reached skill level 9 in Necromancy
  8256 | D:10     | Found a huge runed translucent gate.
  8256 | D:10     | Found a huge runed translucent gate.
  8256 | D:10     | Found a huge runed translucent gate.
  8256 | D:10     | Found a huge runed translucent gate.
  8256 | D:10     | Noticed a death yak
  8313 | D:10     | XOM: blink monster(s)
  8318 | D:10     | XOM: stat loss: -1 Int (16/17)
  8319 | D:10     | XOM: noise
  8324 | D:10     | XOM: summons 6 hostile demons
  8325 | D:10     | Noticed a sixfirhy
  8329 | D:10     | Slain by a chaos spawn

Illustrated notes

Levels and vault maps discovered:
D:1:      minmay_arrival_glassed_features, layout_basic,
          shapermc_ecumenical_altar_venn, hex_large
D:2:      layout_loops_ring, minivault_14
D:3:      layout_loops_corners
D:4:      layout_basic, uniq_menkaure
D:5:      layout_cave_pools
D:6:      layout_loops_cross, minivault_26, minmay_misc_feat_more_columns,
          uniq_maggie, uniq_pikel, uniq_sigmund
D:7:      layout_basic, minmay_temple_entry_glassed_door
D:8:      minmay_weird_star, layout_loops_corners, grunt_tough_drop
D:9:      layout_loops_ring, serial_shops, shop
D:10:     lemuel_bear_cage, layout_basic, minitemple, enter_trove_1,
          enter_bailey_2, amethyst_killhole

Skill      XL: |  1  2  3  4  5  6  7  8  9 10 |
---------------+-------------------------------+-----
Fighting       | 1 2 3 4 5 6 7 |  7.3
Poison Magic   | 2 3 4 |  4.0
Stealth        | 2 4 5 7 8 |  8.9
Necromancy     | 2 3 5 7 9 |  9.3
Short Blades   | 1 3 4 |  4.0
Armour         | 1 |  1.0
Throwing       | |  1.0
Shields        | |  1.0
Spellcasting   | |  4.3
Fire Magic     | |  2.0
Ice Magic      | |  1.0

Action                   |  1- 3 |  4- 6 |  7- 9 | 10-12 || total
-------------------------+-------+-------+-------+-------++-------
Melee: Dagger            |    74 |   129 |   249 |   151 ||   603
       Bite              |    21 |    35 |    65 |    35 ||   156
Throw: Dart              |     3 |     1 |       |       ||     4
 Cast: Corona            |     6 |       |       |       ||     6
       Poisonous Vapours |     1 |    10 |       |       ||    11
Evoke: Wand              |       |       |     3 |     4 ||     7
  Use: Scroll            |       |       |       |     8 ||     8
 Stab: Invisible         |     3 |       |       |       ||     3
       Sleeping          |     1 |     2 |     4 |     2 ||     9
       Paralysed         |       |     4 |     1 |       ||     5
       Distracted        |       |       |     1 |       ||     1
       Confused          |       |       |     1 |       ||     1
Armor: Robe              |    18 |    26 |       |       ||    44
       Scale mail        |       |    19 |   155 |    81 ||   255
Dodge: Dodged            |    33 |    69 |   106 |    79 ||   287

Table legend: (Time is in decaauts)
 A = Elapsed time spent in this place.
 B = Non-inter-level travel time spent in this place.
 C = Inter-level travel time spent in this place.
 D = Time resting spent in this place.
 E = Time spent auto-exploring this place.
 F = Levels seen in this place.
 G = Mean time per level.
                   A        B        C        D        E       F      G
               +--------+--------+--------+--------+--------+-----+--------+
         Total |   8268 |   7854 |    414 |    584 |   5824 |  10 |  826.8 |
       Dungeon |   8268 |   7854 |    414 |    584 |   5824 |  10 |  826.8 |
               +--------+--------+--------+--------+--------+-----+--------+

Top non-repeatable levels by time:
     D:1: 1126 daAuts
     D:3: 1118 daAuts
     D:2: 921 daAuts
     D:4: 910 daAuts
     D:8: 901 daAuts
     D:6: 851 daAuts
     D:7: 784 daAuts
     D:9: 767 daAuts
     D:5: 700 daAuts
    D:10: 186 daAuts
